AoeStats
← Ibrahomovic

Arabia

504575892Analyzed
1v1 RM · 26d ago on Sep 5, 2026· 16m 33s· 2 players
Game mode
Random Map
Map size
Tiny (2 player)
Population
200
Speed
Normal
Resources
Standard
Victory
Conquest
Starting age
Dark Age
Ending age
Imperial Age
RankedLock teamsTeams togetherTeam positionsShared explorationLock speedFull tech treeHidden civsTurbo modeCheats
Victory
Defeat
🇸🇪 Vikings · Sweden
1349
+18
🇦🇷 Bulgarians · Argentina
1383
-18
Ibrahomovic
7:57 Loom
9:55 Feudal Age
10:16 Man-at-Arms
13:53 Horse Collar
15:59 Double-Bit Axe
SwetOtto
6:58 Loom
9:59 Feudal Age
10:41 Double-Bit Axe
Connection lost

Rejoining the realm…

Still unreachable

The connection could not be restored.

Session expired

The server has moved on; the page needs a fresh start.